 Dungeon Crawl Stone Soup version 0.10.4 character file.

618 Minion the Cleaver (level 7, -11/59 HPs)
             Began as a Hill Orc Fighter on Feb 6, 2017.
             Mangled by Menkaure (20 damage)
             ... on Level 4 of the Dungeon.
             The game lasted 00:08:51 (4053 turns).

Minion the Cleaver (Hill Orc Fighter)               Turns: 4053, Time: 00:08:51

HP -11/59        AC 10     Str 19      XL: 7   Next: 27%
MP  15/15        EV  8     Int  8      God:
Gold 159         SH  0     Dex 12      Spells:  0 memorised,  6 levels left

Res.Fire  : . . .   See Invis. : .   a - +0 orc hand axe {=f}
Res.Cold  : . . .   Warding    : . . b - +0 orc scale mail
Life Prot.: . . .   Conserve   : .   (no shield)
Res.Acid. : . . .   Res.Corr.  : .   (no helmet)
Res.Poison: .       Clarity    : .   q - +0 dwarf cloak
Res.Elec. : .       Spirit.Shd : .   w - +1 pair of orc gloves
Sust.Abil.: . .     Stasis     : .   (no boots)
Res.Mut.  : .       Ctrl.Telep.: .   (no amulet)
Res.Rott. : .       Levitation : .   (no ring)
Saprovore : + . .   Ctrl.Flight: .   g - ring of magical power

@: slightly resistant to hostile enchantments, extremely unstealthy
A: saprovore 1
a: no special abilities


You were on level 4 of the Dungeon.
You were not hungry.

You visited 1 branch of the dungeon, and saw 4 of its levels.

You collected 139 gold pieces.

Inventory:

Hand weapons
 a - a +0,+0 orcish hand axe (weapon) {=f}
Missiles
 m - 3 curare-tipped +0 needles
Armour
 b - a +0 orcish scale mail (worn)
 q - a +0 dwarven cloak (worn)
 w - a +1 pair of orcish gloves (worn)
Comestibles
 d - 2 meat rations
 h - a bread ration
 k - a sausage
 p - 2 apples
 s - a pear
Scrolls
 e - a scroll of remove curse {unknown}
 f - a scroll of fog {unknown}
 i - a scroll of enchant weapon II {unknown}
 j - a scroll of blinking {unknown}
 l - 2 scrolls of amnesia {unknown}
 n - 5 scrolls of identify {unknown}
 o - 2 scrolls of teleportation {unknown}
 r - a scroll of magic mapping {unknown}
 t - a scroll of curse jewellery {unknown}
 u - a scroll of fear {unknown}
 x - a scroll of detect curse {unknown}
 y - 2 scrolls of random uselessness {unknown}
 z - a scroll of enchant weapon I {unknown}
Jewellery
 g - a ring of magical power (left hand)
Potions
 c - a potion of confusion {unknown}
 v - a potion of restore abilities {unknown}
 A - 2 potions of brilliance {unknown}
 C - 2 potions of heal wounds {unknown}
 D - a potion of poison {unknown}


   Skills:
 - Level 3.6 Fighting
 + Level 9.2 Axes
 - Level 3.2 Armour
 - Level 3.2 Shields


You had 6 spell levels left.
You didn't know any spells.

Dungeon Overview and Level Annotations

Branches:
Dungeon (4/27)             Temple (0/1) D:4

Altars:
Yredelemnul

Annotations
D:4 Menkaure


Innate Abilities, Weirdness & Mutations

You can tolerate rotten meat.


Message History

You hit Menkaure but do no damage.
Menkaure is moderately damaged.
Menkaure hits you!
You hit Menkaure.
Menkaure is moderately damaged.
Menkaure calls on the powers of darkness!
Your body is wracked with pain!
* * * LOW HITPOINT WARNING * * *
You hit Menkaure.
Menkaure is heavily damaged.
Menkaure barely misses you.
You hit Menkaure but do no damage.
Menkaure is heavily damaged.
Menkaure calls on the powers of darkness!
Your body is wracked with pain!
* * * LOW HITPOINT WARNING * * *
You hit Menkaure.
Menkaure is heavily damaged.
Menkaure hits you!
You die...

#.......# ###......
####'#### #####'# #..#
####.# #.## #....# ##.#
####+#### #..# #........
###.##### #........
####.......### #........
#......@.....# #........
+..##...M...#..##........
## #.......# .+........
#.......# #........
######.## ####'#### .#
##.# ## #..# #.## ##'####


You could see Menkaure.

Vanquished Creatures
  Sigmund (D:2)
  A centaur zombie (D:4)
  A water moccasin zombie (D:4)
  A crimson imp (D:3)
  An orc priest (D:4)
  A scorpion (D:4)
  An iguana (D:4)
  5 adders
  An adder zombie (D:4)
  A worm (D:2)
  A bat skeleton (D:4)
  3 giant geckos
  An ooze (D:1)
  2 orcs (D:4)
  6 goblins
  A hobgoblin (D:1)
  11 jackals
  7 kobolds
  2 quokkas
  11 bats
  6 giant cockroaches
  11 giant newts
  A kobold zombie (D:4)
  10 rats
  A rat zombie (D:4)
88 creatures vanquished.

Vanquished Creatures (others)
  2 orc wizards (D:4)
  A goblin (D:4)
  4 toadstools
7 creatures vanquished.

Grand Total: 95 creatures vanquished

Notes
Turn   | Place    | Note
--------------------------------------------------------------
     0 | D:1      | Minion, the Hill Orc Fighter, began the quest for the Orb.
     0 | D:1      | Reached XP level 1. HP: 19/19 MP: 0/0
   170 | D:1      | Reached XP level 2. HP: 17/26 MP: 1/1
   392 | D:1      | Reached skill level 4 in Axes
   576 | D:1      | Reached XP level 3. HP: 30/33 MP: 2/2
  1508 | D:2      | Reached skill level 5 in Axes
  1586 | D:2      | Reached XP level 4. HP: 30/39 MP: 3/3
  1933 | D:2      | Noticed Sigmund
  1945 | D:2      | Killed Sigmund
  1945 | D:2      | Reached skill level 6 in Axes
  1945 | D:2      | Reached XP level 5. HP: 20/46 MP: 4/4
  2039 | D:2      | Reached skill level 7 in Axes
  2272 | D:2      | Found a basalt altar of Yredelemnul.
  3209 | D:3      | Reached XP level 6. HP: 48/52 MP: 5/5
  3327 | D:4      | Noticed a centaur zombie
  3347 | D:4      | Killed a centaur zombie
  3347 | D:4      | Reached skill level 8 in Axes
  3458 | D:4      | Reached XP level 7. HP: 35/59 MP: 6/6
  3675 | D:4      | Found a staircase to the Ecumenical Temple.
  3690 | D:4      | Reached skill level 9 in Axes
  4041 | D:4      | Noticed Menkaure
  4053 | D:4      | Mangled by Menkaure
